 Dungeon Crawl Stone Soup version 0.31.0-9-g3a7656b989 (webtiles) character file.

Game seed: 923702974676644967

3819 Peloso the Carver (level 9, 0/79 HPs)
             Began as a Minotaur Fighter on Jan 31, 2024.
             Was a Believer of Okawaru.
             Slain by Erica
             ... wielding a +1 scimitar of flaming
              (2 damage)
             ... on level 8 of the Dungeon.
             The game lasted 00:15:28 (7478 turns).

Peloso the Carver (Minotaur Fighter)                Turns: 7478, Time: 00:15:29

Health: 0/79       AC: 16    Str: 21    XL:     9   Next: 97%
Magic:  0/8        EV:  3    Int:  5    God:    Okawaru [**....]
Gold:   207        SH: 13    Dex: 14    Spells: 8/8 levels left

rFire   . . .        a - +0 scimitar
rCold   . . .        d - +2 kite shield
rNeg    . . .        K - +0 plate armour
rPois   .            (helmet restricted)
rElec   .            I - +1 cloak {rCorr}
rCorr   +            (no gloves)
SInv    .            (no boots)
Will    .....        F - amulet of guardian spirit Stlth
                     o - +4 ring of slaying
HPRegen 0.33/turn    (no ring)
MPRegen 0.11/turn

%: guardian spirit
@: lethally poisoned (0 -> -9), slowed, constricted, very slow
A: horns 2, retaliatory headbutt
a: Renounce Religion, Heroism


You were on level 8 of the Dungeon.
You worshipped Okawaru.
Okawaru was pleased with you.
You visited 2 branches of the dungeon, and saw 9 of its levels.
You also visited: Sewer.

You collected 383 gold pieces.
You spent 176 gold pieces at shops.

Inventory:

Hand Weapons
 a - a +0 scimitar (weapon)
 b - a +0 long sword of electrocution
 c - a +1 whip of flaming
Armour
 d - a +2 kite shield (worn)
 v - a +0 cloak
 I - a +1 cloak of preservation (worn)
 K - a +0 plate armour (worn)
Jewellery
 o - a +4 ring of slaying (left hand)
 u - an amulet of the acrobat
 w - a +6 ring of intelligence
 F - an amulet of guardian spirit (around neck)
Wands
 j - a wand of digging (7)
 p - a wand of charming (23)
 t - a wand of flame (19)
 B - a wand of iceblast (19)
 D - a wand of mindburst (20)
Scrolls
 g - 2 scrolls of teleportation
 h - 3 scrolls of blinking
 l - a scroll of amnesia
 m - 2 scrolls of enchant armour
 r - a scroll of poison
 y - a scroll of brand weapon
 C - 2 scrolls of enchant weapon {unknown}
 H - 2 scrolls of fear {unknown}
Potions
 e - a potion of haste
 f - 5 potions of might
 i - a potion of berserk rage {unknown}
 k - 4 potions of mutation
 n - 3 potions of brilliance
 q - 2 potions of lignification {unknown}
 s - 4 potions of curing
 x - a potion of magic {unknown}
 z - a potion of ambrosia {unknown}
 A - a potion of enlightenment {unknown}
 E - a potion of heal wounds
 G - a potion of invisibility {unknown}
 J - 2 potions of resistance {unknown}


   Skills:
 + Level 7.0 Fighting
 + Level 10.5 Long Blades
 + Level 8.4 Armour
 + Level 3.1 Dodging
 + Level 0.8 Stealth
 + Level 9.5 Shields
 + Level 0.7 Evocations


You had 8 spell levels left.
You didn't know any spells.
Your spell library contained the following spells:

 Spells                   Type           Power      Damage    Failure   Level
 Freeze                   Ice            0%         1d3       100%        1
 Sandblast                Erth           0%         2d4       100%        1
 Frozen Ramparts          Ice            0%         1d1       100%        3
 Hailstorm                Conj/Ice       0%         3d5       100%        3
 Passwall                 Erth           0%         N/A       100%        3
 Stone Arrow              Conj/Erth      0%         3d7       100%        3
 Brom's Barrelling Bould  Conj/Erth      0%         2d3       100%        4


Dungeon Overview and Level Annotations

Branches:
Dungeon (8/15)             Temple (1/1) D:5           Sewer (visited)
   Lair: D:8-11

Altars:
Ashenzari
Cheibriados
Dithmenos
Elyvilon
Fedhas
Gozag
Hepliaklqana
Kikubaaqudgha
Makhleb
Nemelex Xobeh
Okawaru
Qazlal
Ru
Sif Muna
Trog
Uskayaw
Wu Jian
Xom
Zin
The Shining One
Lugonu

Shops:
D:1 ?!   D:2 (

Portals:
Abyss: D:4

Annotations:
D:4 2 transporters, Bnni's ghost, novice VSFi
D:8 Erica


Innate Abilities, Weirdness & Mutations

You have a pair of horns on your head.
You reflexively headbutt those who attack you in melee.


Message History

You closely miss something. Something hits you! Something burns you.
You are constricted.
You slash something! Your headbutt misses something. Something hits you.
Something burns you.
You are constricted.
Something hits you! Something burns you.
* * * LOW HITPOINT WARNING * * *
You are constricted.
You barely miss something. Your headbutt misses something.
Something hits you but does no damage.
You are constricted.
You barely miss something. You headbutt something.
Something hits you but does no damage.
You are constricted.
* * * LOW HITPOINT WARNING * * *
You block something's attack.
You are constricted.
You barely miss something. You headbutt something! Something hits you!
* * * LOW HITPOINT WARNING * * *
Something burns you.
* * * LOW HITPOINT WARNING * * *
You are constricted.
* * * LOW HITPOINT WARNING * * *
You feel much better.
You hear some strange, mumbled words.
You feel as though you will be slow longer.
You are constricted.
Something hits you! Something burns you.
You are constricted.
Unknown command.
You don't have enough magic at the moment.
You miss something.
Erica appears from thin air!
Reactivating autopickup.
Erica casts a spell at you. The bolt of poison hits you!!
You are poisoned.
* * * LOW HITPOINT WARNING * * *
Erica constricts you.
You slash Erica!
Erica is almost dead.
* * * LOW HITPOINT WARNING * * *
You feel very sick.
Erica hits you with a +1 scimitar of flaming.
You die...
Erica begins burbling mirthfully and uncontrollably.

... ## #)# .
#.# #####.#.# #
# ......#.#.#.#
.... ?>#...#
...#.x$# .
##.#@# ..
+$...#
...##.#.#
.....#.#######
####..#........
........#######
###.........<#
#..#########
#..


You could see Erica.

Vanquished Creatures
  Pikel (D:6)
  Sigmund (D:4)
  A wyvern (D:6)
  A water moccasin (D:5)
  An orc warrior (D:6)
  2 sky beasts (D:6)
  2 ice beasts (D:5)
  4 ogres
  A phantom (D:5)
  A centaur (D:6)
  4 scorpions
  2 bullfrogs (D:7)
  10 wights
  A crimson imp (D:6)
  A jelly (D:6)
  2 orc priests
  Crazy Yiuf (D:7)
  6 hounds
  2 sleepcaps
  7 iguanas
  Natasha (thrice) (D:4)
  8 orc wizards
  A hell rat (Sewer)
  7 gnolls
  4 adders
  5 river rats
  3 white imps
  A ribbon worm (D:2)
  4 dart slugs
  21 orcs
  4 bats
  5 endoplasms
  3 giant cockroaches
  4 goblins
  5 hobgoblins
  10 kobolds
  A quokka (D:2)
  5 ball pythons
  A frilled lizard (D:1)
  11 rats
157 creatures vanquished.

Vanquished Creatures (others)
  A wight (D:7)
  2 orcs (D:7)
  A lurking horror (D:4)
4 creatures vanquished.

Grand Total: 161 creatures vanquished

Notes
Turn   | Place    | Note
-------+----------+-------------------------------------------
     0 | D:1      | Peloso the Minotaur Fighter began the quest for the Orb.
     0 | D:1      | Reached XP level 1. HP: 19/19 MP: 0/0
   294 | D:1      | Found Teuf's Magic Scroll Shop.
   462 | D:1      | Found Teon's Distillery.
   472 | D:1      | Found a faded altar of an unknown god.
   845 | D:2      | Found Xurid's Antique Weapon Boutique.
   848 | D:2      | Reached XP level 2. HP: 27/27 MP: 1/1
  1186 | D:2      | Reached skill level 3 in Long Blades
  1186 | D:2      | Reached XP level 3. HP: 6/33 MP: 2/2
  1865 | D:1      | Bought a potion of mutation for 96 gold pieces
  2010 | D:3      | Reached XP level 4. HP: 40/40 MP: 3/3
  2281 | D:3      | Reached skill level 1 in Dodging
  2327 | D:3      | Found a glowing drain.
  2331 | Sewer    | Entered a sewer
  2342 | Sewer    | Reached skill level 4 in Long Blades
  2390 | Sewer    | Reached XP level 5. HP: 43/46 MP: 4/4
  2721 | D:3      | Reached skill level 5 in Long Blades
  3009 | D:4      | Noticed an ogre
  3021 | D:4      | Found a corrupted altar of Lugonu.
  3026 | D:4      | Found a one-way gate to the infinite horrors of the Abyss.
  3028 | D:4      | Noticed Natasha
  3037 | D:4      | Killed Natasha
  3038 | D:4      | Reached XP level 6. HP: 10/53 MP: 5/5
  3040 | D:4      | Reached skill level 5 in Shields
  3101 | D:4      | Noticed Natasha
  3110 | D:4      | Killed Natasha
  3245 | D:4      | Noticed Natasha
  3266 | D:4      | Killed Natasha
  3334 | D:4      | Reached skill level 5 in Armour
  3338 | D:4      | Noticed Sigmund
  3394 | D:4      | Killed Sigmund
  3395 | D:4      | Reached skill level 6 in Long Blades
  3395 | D:4      | Reached XP level 7. HP: 51/60 MP: 6/6
  3430 | D:4      | Identified the +6 sling "Cogh" {elec, Str+4 SInv}
  3448 | D:4      | Found a transporter.
  3527 | D:4      | Noticed Bnni's ghost (novice VSFi)
  3645 | D:4      | Found a transporter.
  3841 | D:5      | Entered Level 5 of the Dungeon
  3884 | D:5      | Reached skill level 5 in Fighting
  3884 | D:5      | Reached skill level 7 in Long Blades
  4035 | D:5      | Found a staircase to the Ecumenical Temple.
  4080 | D:5      | Reached XP level 8. HP: 68/68 MP: 7/7
  4087 | Temple   | Entered the Ecumenical Temple
  4107 | Temple   | Became a worshipper of Warmaster Okawaru
  4155 | D:5      | Found a shimmering altar of Xom.
  4293 | D:5      | Found a hazy altar of Hepliaklqana.
  4739 | D:6      | Reached skill level 8 in Long Blades
  4859 | D:6      | Reached * piety under Okawaru
  5065 | D:6      | Noticed Pikel
  5088 | D:6      | Killed Pikel
  5088 | D:6      | Reached ** piety under Okawaru
  5089 | D:6      | Reached skill level 9 in Long Blades
  5089 | D:6      | Reached XP level 9. HP: 45/75 MP: 8/8
  5122 | D:6      | HP: 2/72 [wight/+4 flail (2)]
  5717 | D:6      | Found an ornate altar of the Wu Jian Council.
  5985 | D:1      | Bought a scroll of identify for 20 gold pieces
  6035 | D:1      | Bought a potion of degeneration for 12 gold pieces
  6035 | D:1      | Bought a potion of might for 48 gold pieces
  6331 | D:7      | Reached skill level 10 in Long Blades
  6781 | D:7      | Found a hide-covered altar of Uskayaw.
  6784 | D:7      | Found a glowing silver altar of Zin.
  6788 | D:7      | Found a white marble altar of Elyvilon.
  7383 | D:7      | Found a runed translucent door.
  7384 | D:7      | Noticed Crazy Yiuf
  7390 | D:7      | Killed Crazy Yiuf
  7460 | D:8      | Noticed Erica
  7478 | D:8      | HP: 2/79 [poisoned by Erica (bolt of poison)]
  7478 | D:8      | Slain by Erica

Illustrated notes

Levels and vault maps discovered:
D:1:      evilmike_arrival_rings, layout_basic, serial_shops, shop,
          nicolae_shop_tiny_glass, ebering_ecumenical_altar_sacrificial,
          supply_closet_lemuel, minmay_misc_feat_encased,
          grunt_decor_one_mirror, minmay_pentomino_p2
D:2:      layout_basic, serial_shops, nicolae_shop_back_alley_shop
D:3:      layout_loops_ring, gup_sewer_entry_spiral, minmay_misc_feat_alley,
          cheibrodos_gnoll_hut
D:4:      layout_rooms, gammafunk_ghost_stat_death, grunt_decor_resistance,
          amcnicky_altar_lugonu_corruption, uniq_sigmund, uniq_natasha
D:5:      layout_basic, minmay_temple_entry_slanted, hangedman_feature_mirror
D:6:      layout_basic, nzn_wu_jian_council_hall, skrybe_limestone_x,
          minmay_fire_ice_demons, uniq_pikel
D:7:      layout_basic, grunt_temple_overflow_diamond, grunt_decor_cap,
          hangedman_decor_diamond_cutter, uniq_crazy_yiuf_cottage
D:8:      layout_basic, uniq_erica
Temple:   kb_temple_of_zot

Skill      XL: |  1  2  3  4  5  6  7  8  9 |
---------------+----------------------------+-----
Armour         | 4 5 7 8 |  8.4
Shields        | 4 5 6 8 9 |  9.5
Long Blades    | 3 4 5 6 7 9 10 | 10.5
Fighting       | 4 5 6 7 |  7.0
Dodging        | 1 2 3 |  3.1
Stealth        | |  0.8
Evocations     | |  0.7

Action                     |  1- 3 |  4- 6 |  7- 9 || total
---------------------------+-------+-------+-------++-------
  Melee: Long sword        |    80 |   129 |   185 ||   394
         Headbutt          |     6 |    14 |    65 ||    85
         Scimitar          |       |       |   163 ||   163
 Invoke: Heroism           |       |       |     2 ||     2
  Evoke: Wand              |       |     4 |       ||     4
    Use: Potion            |     1 |       |     2 ||     3
         Scroll            |       |     8 |     4 ||    12
 Armour: Chain mail        |    60 |    79 |   103 ||   242
         Scale mail        |     2 |       |       ||     2
         Plate armour      |       |       |    84 ||    84
  Dodge: Dodged            |    31 |    41 |    54 ||   126
  Block: Buckler           |    12 |       |       ||    12
         Kite shield       |    16 |    76 |   180 ||   272
